 Dungeon Crawl Stone Soup version 0.22-a0-322-g60b3cfd (webtiles) character file.

11916 galech the Grappler (level 11, -3/104 HPs)
             Began as a Troll Monk on Apr 4, 2018.
             Was a High Priest of Okawaru.
             Slain by a troll (13 damage)
             ... on level 2 of the Orcish Mines.
             The game lasted 00:13:23 (7865 turns).

galech the Grappler (Troll Monk)                    Turns: 7865, Time: 00:13:24

Health: -3/104     AC:  6    Str: 25    XL:     11   Next: 55%
Magic:  11/11      EV: 13    Int:  6    God:    Okawaru [*****.]
Gold:   620        SH:  0    Dex: 13    Spells: 10/10 levels left

rFire    . . .     SeeInvis .     - Unarmed
rCold    . . .     Gourm    +   (no shield)
rNeg     . . .     Faith    .   a - +0 robe
rPois    .         Spirit   .   (helmet restricted)
rElec    .         Reflect  .   H - +0 cloak (curse)
rCorr    .         Harm     .   (gloves unavailable)
MR       .....                  (boots unavailable)
Stlth    +++.......             c - amulet of regeneration
HPRegen  1.07/turn              s - ring of flight
MPRegen  0.12/turn              v - +2 ring of strength

@: no status effects
A: large, unfitting armour, claws 3, fast metabolism 3, gourmand, regeneration
1, shaggy fur 1, tough skin 2
a: Heroism, Finesse, Renounce Religion, Evoke Flight


You were on level 2 of the Orcish Mines.
You worshipped Okawaru.
Okawaru was extremely pleased with you.
You were completely stuffed.

You visited 2 branches of the dungeon, and saw 12 of its levels.

You collected 620 gold pieces.

Inventory:

Armour
 a - a +0 robe (worn)
 H - a cursed +0 cloak (worn)
Jewellery
 c - an amulet of regeneration (around neck)
 j - an uncursed amulet of guardian spirit {unknown}
 s - a ring of flight (left claw)
 v - a +2 ring of strength (right claw)
 I - a cursed amulet of inaccuracy {unknown}
Wands
 r - a wand of digging (18)
 t - a wand of flame (18)
 u - a wand of paralysis (6)
 w - a wand of disintegration (13)
 E - a wand of random effects (29)
Scrolls
 d - 2 scrolls of fear {unknown}
 f - 5 scrolls of remove curse
 h - 4 scrolls of teleportation
 i - a scroll of blinking {unknown}
 k - 3 scrolls of identify {unknown}
 p - a scroll of random uselessness {unknown}
 q - 3 scrolls of noise {unknown}
 y - 2 scrolls of magic mapping {unknown}
Potions
 e - 2 potions of haste {unknown}
 g - 6 potions of curing {unknown}
 l - 3 potions of flight {unknown}
 m - 2 potions of degeneration {unknown}
 n - 3 potions of lignification {unknown}
 o - 4 potions of heal wounds {unknown}
 x - a potion of resistance {unknown}
 z - 3 potions of invisibility {unknown}
 A - a potion of brilliance {unknown}
 B - a potion of might {unknown}
 C - a potion of cancellation {unknown}
 F - a potion of mutation {unknown}
 G - 2 potions of agility
Comestibles
 b - 21 rations
 D - 12 chunks of flesh


   Skills:
 + Level 5.6 Fighting
 + Level 6.6 Dodging
 + Level 4.3 Stealth
 + Level 14.0 Unarmed Combat
 + Level 1.5 Invocations


You had 10 spell levels left.
You didn't know any spells.

Dungeon Overview and Level Annotations

Branches:
Dungeon (10/15)            Temple (0/1) D:7            Lair (0/6) D:8
    Orc (2/2) D:10
    Elf: Orc:2

Altars:
Cheibriados
Fedhas
Okawaru
Sif Muna
Uskayaw
Wu Jian
Xom
Zin


Innate Abilities, Weirdness & Mutations

You are too large for most types of armour.
You have claws for hands.
Your metabolism is lightning-fast.
You like to eat raw meat.
Your natural rate of healing is unusually fast.
You are covered in fur. (AC +1)
You have very tough skin. (AC +2)


Message History

You completely miss the troll.
The troll is heavily wounded.
The troll bites you! The troll barely misses you. The troll claws you!
You are too injured to fight recklessly!
You are too injured to fight recklessly!
You are too injured to fight recklessly!
You are too injured to fight recklessly!
You are too injured to fight recklessly!
You barely miss the troll.
The troll is heavily wounded.
The troll bites you!
* * * LOW HITPOINT WARNING * * *
The troll barely misses you. The troll claws you!
* * * LOW HITPOINT WARNING * * *
You scratch the troll.
The troll is heavily wounded.
The troll bites you!
* * * LOW HITPOINT WARNING * * *
The troll misses you. The troll claws you!
You die...

...........#
#..........
##........##
#..........#
##..........##
#............#
###.$..$.^...##
#.....T@....#.###
................#
.........#..<..##
......#####.......#
...... #.........#
....#. ##....#..##
..... .....# ## ...
. .....## ......


You could see a troll.

Vanquished Creatures
  An ettin (Orc:1)
  A two-headed ogre (D:8)
  Pikel (D:4)
  Maurice (D:9)
  Joseph (D:8)
  2 hellwings (D:8)
  A troll (D:9)
  4 hippogriffs
  Sigmund (D:2)
  A human (D:10)
  8 yaks
  A vampire (D:9)
  4 hogs (D:10)
  A wyvern (D:9)
  Menkaure (D:4)
  4 wargs
  2 hell hounds (D:8)
  2 ice beasts
  4 orc warriors
  3 slaves
  3 sky beasts
  2 black bears
  2 ogres
  2 centaurs
  A crocodile (D:10)
  A wyvern zombie (D:8)
  A bullfrog (D:5)
  4 scorpions
  5 killer bees (D:8)
  3 howler monkeys
  3 crimson imps
  4 centaur zombies
  A bullfrog zombie (D:10)
  2 jellies
  3 orc priests
  3 hounds
  8 orc wizards
  4 centaur skeletons
  5 iguanas
  4 worker ants
  A hound zombie (D:5)
  A hound skeleton (D:6)
  A howler monkey zombie (D:5)
  A worker ant zombie (D:9)
  Robin (D:3)
  10 adders
  8 gnolls
  3 shadow imps (D:9)
  2 oozes
  An adder zombie (D:9)
  A worm (D:3)
  4 dart slugs
  9 leopard geckos
  26 orcs
  A ball python (D:1)
  9 bats
  3 giant cockroaches
  15 goblins
  10 hobgoblins
  2 jackals (D:6)
  6 kobolds
  A quokka (D:5)
  9 frilled lizards
  10 rats
240 creatures vanquished.

Vanquished Creatures (others)
  5 dream sheep (D:4)
5 creatures vanquished.

Grand Total: 245 creatures vanquished

Notes
Turn   | Place    | Note
-------+----------+-------------------------------------------
     0 | D:1      | galech the Troll Monk began the quest for the Orb.
     0 | D:1      | Reached XP level 1. HP: 22/22 MP: 0/0
   163 | D:1      | Reached XP level 2. HP: 29/29 MP: 1/1
   361 | D:1      | Reached XP level 3. HP: 36/36 MP: 2/2
   636 | D:2      | Found a faded altar of an unknown god.
   861 | D:2      | Noticed a scorpion
   876 | D:2      | Killed a scorpion
   876 | D:2      | Reached skill level 4 in Unarmed Combat
   876 | D:2      | Reached XP level 4. HP: 29/44 MP: 3/3
   957 | D:2      | Found an iron altar of Okawaru.
   965 | D:2      | Became a worshipper of Warmaster Okawaru
   965 | D:2      | Reached * piety under Okawaru
   965 | D:2      | Reached ** piety under Okawaru
  1073 | D:2      | Noticed Sigmund
  1082 | D:2      | Killed Sigmund
  1082 | D:2      | Reached skill level 5 in Unarmed Combat
  1082 | D:2      | Reached XP level 5. HP: 38/52 MP: 4/4
  1082 | D:2      | Reached XP level 6. HP: 43/59 MP: 5/5
  1372 | D:3      | Noticed Robin
  1386 | D:3      | Killed Robin
  1779 | D:3      | Found an ornate altar of the Wu Jian Council.
  2096 | D:4      | Found a shimmering altar of Xom.
  2096 | D:4      | Noticed a dream sheep
  2096 | D:4      | Noticed a dream sheep
  2096 | D:4      | Noticed a dream sheep
  2096 | D:4      | Noticed a dream sheep
  2096 | D:4      | Noticed a dream sheep
  2101 | D:4      | Killed a dream sheep
  2101 | D:4      | Killed a dream sheep
  2101 | D:4      | Killed a dream sheep
  2101 | D:4      | Killed a dream sheep
  2101 | D:4      | Killed a dream sheep
  2152 | D:4      | Noticed Menkaure
  2159 | D:4      | Killed Menkaure
  2159 | D:4      | Reached *** piety under Okawaru
  2159 | D:4      | Reached skill level 6 in Unarmed Combat
  2159 | D:4      | Reached XP level 7. HP: 57/67 MP: 6/6
  2386 | D:5      | Entered Level 5 of the Dungeon
  2406 | D:5      | Noticed a yak
  2406 | D:5      | Noticed a yak
  2407 | D:5      | Noticed a yak
  2407 | D:5      | Noticed a yak
  2408 | D:5      | Noticed a yak
  2412 | D:5      | Killed a yak
  2412 | D:5      | Reached skill level 7 in Unarmed Combat
  2413 | D:5      | Killed a yak
  2415 | D:5      | Killed a yak
  2415 | D:5      | Reached XP level 8. HP: 67/75 MP: 4/7
  2421 | D:5      | Reached skill level 8 in Unarmed Combat
  2424 | D:5      | Reached **** piety under Okawaru
  2724 | D:5      | Noticed Pikel
  2739 | D:5      | Paralysed by Pikel for 6 turns
  2744 | D:5      | HP: 1/75 [slave[Pikel] (6)]
  2846 | D:4      | Killed Pikel
  2846 | D:4      | Reached skill level 9 in Unarmed Combat
  2846 | D:4      | Reached XP level 9. HP: 56/84 MP: 8/8
  3153 | D:6      | Found a hide-covered altar of Uskayaw.
  3159 | D:6      | Noticed a dagger
  3159 | D:6      | Noticed a dagger
  3219 | D:6      | Reached skill level 5 in Dodging
  3232 | D:6      | Reached skill level 10 in Unarmed Combat
  3682 | D:7      | Found a glowing silver altar of Zin.
  3983 | D:7      | Found a staircase to the Ecumenical Temple.
  4307 | D:7      | Found a blossoming altar of Fedhas.
  4375 | D:8      | Found a staircase to the Lair.
  4461 | D:8      | Reached skill level 11 in Unarmed Combat
  4462 | D:8      | Reached ***** piety under Okawaru
  4569 | D:8      | Found a deep blue altar of Sif Muna.
  4602 | D:8      | Noticed a two-headed ogre
  4651 | D:8      | Killed a two-headed ogre
  4651 | D:8      | Received a gift from Okawaru
  4651 | D:8      | Reached XP level 10. HP: 52/93 MP: 6/9
  4893 | D:8      | Found a glowing silver altar of Zin.
  4894 | D:8      | Noticed Joseph
  4904 | D:8      | Killed Joseph
  5144 | D:8      | Reached skill level 12 in Unarmed Combat
  5907 | D:9      | Reached skill level 5 in Fighting
  5919 | D:9      | Received a gift from Okawaru
  6009 | D:9      | Reached skill level 13 in Unarmed Combat
  6062 | D:9      | Found a snail-covered altar of Cheibriados.
  6102 | D:9      | Noticed Maurice
  6107 | D:9      | Reached XP level 11. HP: 103/104 MP: 10/10
  6124 | D:9      | Killed Maurice
  6567 | D:10     | Entered Level 10 of the Dungeon
  7048 | D:10     | Reached skill level 1 in Invocations
  7128 | D:10     | Received a gift from Okawaru
  7232 | D:10     | Found a staircase to the Orcish Mines.
  7597 | D:10     | Noticed a lindwurm
  7598 | D:10     | Noticed a lindwurm
  7658 | Orc:1    | Entered Level 1 of the Orcish Mines
  7658 | Orc:1    | Noticed an ettin
  7664 | Orc:1    | Killed an ettin
  7664 | Orc:1    | Reached skill level 14 in Unarmed Combat
  7848 | Orc:2    | Entered Level 2 of the Orcish Mines
  7865 | Orc:2    | Slain by a troll

Vault maps used:
D:1:      dpeg_arrival_pond, grunt_decor_fettered, st_stairs_11,
          serial_park_tiny_pond
D:2:      chequers_ecumenical_altar_simple_redux, kennysheep_okawaru_gauntlet,
          uniq_sigmund
D:3:      lemuel_coloured_pillars_altar, kennysheep_generic_room_9, uniq_robin
D:4:      kb_xom_exploding_sheep, uniq_menkaure
D:5:      first_ration, kennysheep_nondescript, uniq_pikel
D:6:      dancing_weapons_uskayaw, minmay_crossroads
D:7:      kennysheep_mini_moat, zin_statuary, minmay_temple_entry_glassed_door,
          dk_noncrumbling_2, due_unseen_surprise
D:8:      kennysheep_little_box, minmay_lair_entry_lava, basic_altar,
          uniq_joseph
D:9:      cheibrodos_grave_circle, cheibriados_altar_1, uniq_maurice
D:10:     minmay_orc_entry_guard_dogs, grunt_livestock, hangedman_decor_points,
          minmay_lindwurm_lava
Orc:1:    minmay_orc_barracks
Orc:2:    st_orc_town, uniq_rupert

Skill      XL: |  1  2  3  4  5  6  7  8  9 10 11 |
---------------+----------------------------------+-----
Dodging        | 3 4 5 6 |  6.6
Unarmed Combat | 4 5 6 7 9 11 13 14 | 14.0
Fighting       | 3 4 5 |  5.6
Stealth        | 2 3 4 |  4.3
Invocations    | 1 |  1.5

Action                   |  1- 3 |  4- 6 |  7- 9 | 10-12 || total
-------------------------+-------+-------+-------+-------++-------
Melee: Unarmed           |   107 |   106 |   209 |   255 ||   677
       Punch             |       |     3 |     9 |    13 ||    25
Invok: Heroism           |       |       |     2 |     3 ||     5
       Finesse           |       |       |       |     1 ||     1
  Use: Scroll            |       |       |     2 |     2 ||     4
 Stab: Sleeping          |     4 |     3 |     4 |     6 ||    17
  Eat: Chunk             |    13 |    12 |    23 |    29 ||    77
Armor: Robe              |    44 |    30 |    41 |    47 ||   162
Dodge: Dodged            |    53 |    59 |   104 |   110 ||   326

Table legend:
 A = Spawn XP
 B = Non-spawn XP
 C = Spawn XP percentage of total XP
 D = Spawn monster count
 E = Non-spawn monster count
 F = Spawn count percentage of total count
 G = Total turns spent on level
                    A         B        C        D         E        F      G
               +---------+---------+-------+---------+---------+-------+---------
         Total |       0 |   17023 |   0.0 |       0 |     237 |   0.0 |  7865
               +---------+---------+-------+---------+---------+-------+---------
           D:1 |       0 |      58 |   0.0 |       0 |      29 |   0.0 |   636
           D:2 |       0 |     360 |   0.0 |       0 |      23 |   0.0 |   654
           D:3 |       0 |      81 |   0.0 |       0 |      26 |   0.0 |   544
           D:4 |       0 |    1017 |   0.0 |       0 |      16 |   0.0 |   658
           D:5 |       0 |    1347 |   0.0 |       0 |      21 |   0.0 |   546
           D:6 |       0 |     881 |   0.0 |       0 |      20 |   0.0 |   611
           D:7 |       0 |     604 |   0.0 |       0 |       7 |   0.0 |   789
           D:8 |       0 |    2992 |   0.0 |       0 |      22 |   0.0 |  1125
           D:9 |       0 |    5004 |   0.0 |       0 |      30 |   0.0 |  1004
          D:10 |       0 |    2954 |   0.0 |       0 |      32 |   0.0 |  1091
         Orc:1 |       0 |    1564 |   0.0 |       0 |      10 |   0.0 |   190
         Orc:2 |       0 |     161 |   0.0 |       0 |       1 |   0.0 |    17
               +---------+---------+-------+---------+---------+-------+---------
